AoeStats
← natansdr

Fortress

508252098Analyzed
4v4 RM · 12d ago on Sep 21, 2026· 72m 47s· 8 players
Game mode
Random Map
Map size
Huge
Population
200
Speed
Normal
Resources
Standard
Victory
Conquest
Starting age
Dark Age
Ending age
Imperial Age
RankedLock teamsTeams togetherTeam positionsShared explorationLock speedFull tech treeHidden civsTurbo modeCheats
Victory
Defeat
🇷🇺 Britons · Russia
1085
+16
🇩🇪 Mongols · Germany
1054
+18
🇬🇷 Magyars · Greece
1043
+18
🇫🇷 Japanese · France
1035
+18
🇵🇪 Chinese · Peru
1110
-18
🇨🇴 Britons · Colombia
1107
-18
🇬🇧 Portuguese · United Kingdom
1099
-18
🇮🇳 Burmese · India
1048
-16
natansdr
0:40 Loom
7:30 Feudal Age
12:14 Castle Age
10:13 Double-Bit Axe
10:43 Horse Collar
10:55 Fletching
11:34 Gold Mining
12:19 Bloodlines
12:36 Padded Archer Armor
14:44 Bow Saw
17:05 Heavy Plow
21:41 Ballistics
21:58 Bodkin Arrow
22:48 Leather Archer Armor
22:44 Husbandry
23:42 Scale Barding Armor
25:57 Thumb Ring
26:41 Wheelbarrow
25:52 Town Watch
28:24 Chain Barding Armor
31:44 Imperial Age
31:27 Hand Cart
31:13 Scale Mail Armor
31:24 Forging
31:16 Squires
30:38 Elite Skirmisher
30:40 Light Cavalry
31:21 Nomads
32:24 Hussar
32:27 Elite Mangudai
33:18 Bracer
34:34 Conscription
34:53 Hoardings
35:28 Chemistry
35:28 Masonry
36:54 Iron Casting
36:47 Town Patrol
39:01 Blast Furnace
40:09 Sappers
40:58 Chain Mail Armor
40:05 Man-at-Arms
40:05 Pikeman
42:19 Siege Engineers
42:24 Fortified Wall
44:56 Capped Ram
46:23 Siege Ram
47:36 Plate Mail Armor
46:28 Elite Steppe Lancer
47:30 Drill
46:42 Heavy Camel Rider
48:27 Caravan
49:58 Parthian Tactics
61:52 Guard Tower
65:33 Heavy Scorpion
Bug Spencer
7:50 Feudal Age
9:27 Loom
9:48 Double-Bit Axe
12:10 Castle Age
10:13 Horse Collar
12:17 Town Watch
14:44 Wheelbarrow
14:22 Bow Saw
19:11 Heavy Plow
21:55 Hand Cart
27:24 Imperial Age
25:06 Scale Mail Armor
25:17 Forging
25:08 Squires
24:54 Arson
24:35 Pikeman
26:13 Gold Mining
26:16 Stone Mining
26:48 Chain Mail Armor
28:04 Iron Casting
29:11 Plate Mail Armor
28:13 Elite Samurai
29:15 Conscription
30:07 Blast Furnace
32:10 Elite Skirmisher
32:42 Fletching
33:21 Ballistics
34:02 Chemistry
33:32 Bodkin Arrow
33:37 Padded Archer Armor
34:41 Bracer
34:56 Leather Archer Armor
38:53 Ring Archer Armor
44:34 Thumb Ring
44:54 Parthian Tactics
46:56 Heavy Cavalry Archer
52:39 Bloodlines
52:29 Husbandry
55:59 Siege Engineers
57:00 Light Cavalry
58:45 Scale Barding Armor
59:47 Caravan
60:26 Chain Barding Armor
65:23 Cavalier
67:51 Kataparuto
72:44 Capped Ram
DJAKONDA
6:56 Feudal Age
8:05 Double-Bit Axe
12:33 Castle Age
15:43 Fletching
22:42 Imperial Age
23:22 Ballistics
22:59 Bodkin Arrow
25:20 Chemistry
25:39 Conscription
28:13 Wheelbarrow
28:43 Bracer
29:32 Padded Archer Armor
31:31 Yeomen
35:36 Elite Longbowman
38:54 Leather Archer Armor
qi3ase
1:39 Loom
1:45 Loom
8:04 Feudal Age
12:26 Castle Age
10:41 Double-Bit Axe
10:47 Horse Collar
13:30 Bow Saw
13:25 Heavy Plow
18:24 Scale Barding Armor
20:54 Bloodlines
26:42 Imperial Age
25:41 Wheelbarrow
26:44 Gold Mining
27:56 Conscription
27:21 Capped Ram
28:22 Town Watch
29:02 Husbandry
29:40 Elite Magyar Huszar
36:26 Corvinian Army
41:46 Chain Barding Armor
48:42 Fletching
49:28 Plate Barding Armor
57:01 Hand Cart
62:04 Stone Mining
63:38 Gold Shaft Mining
64:49 Bodkin Arrow
64:55 Padded Archer Armor
66:15 Thumb Ring
65:31 Heavy Cavalry Archer
69:17 Parthian Tactics
69:16 Ballistics
69:57 Chemistry
69:14 Masonry
70:33 Bracer
70:49 Leather Archer Armor
devolvedreint
9:13 Feudal Age
12:46 Castle Age
10:38 Double-Bit Axe
10:36 Horse Collar
11:33 Gold Mining
14:07 Bow Saw
15:50 Heavy Plow
16:07 Loom
19:59 Imperial Age
17:58 Stone Mining
19:28 Stone Shaft Mining
19:50 Wheelbarrow
21:43 Chemistry
23:19 Hand Cart
23:28 Conscription
26:16 Arquebus
28:24 Elite Organ Gun
31:22 Two-Man Saw
33:15 Siege Engineers
32:45 Man-at-Arms
32:53 Pikeman
33:35 Scale Mail Armor
33:45 Forging
46:24 Chain Mail Armor
46:45 Iron Casting
49:45 Halberdier
59:07 Arson
60:29 Blast Furnace
66:37 Plate Mail Armor
Rogfin
3:50 Loom
6:47 Feudal Age
13:15 Castle Age
11:58 Double-Bit Axe
12:23 Fletching
13:01 Padded Archer Armor
13:40 Gold Mining
15:47 Ballistics
16:10 Wheelbarrow
18:56 Horse Collar
20:07 Heavy Plow
divyam_10
7:12 Feudal Age
5:27 Loom
13:40 Castle Age
11:30 Horse Collar
14:21 Heavy Plow
14:19 Gold Mining
18:57 Wheelbarrow
20:07 Forging
20:10 Scale Mail Armor
20:30 Man-at-Arms
21:35 Long Swordsman
23:53 Chain Mail Armor
24:14 Iron Casting
24:18 Gambesons
24:37 Squires
25:39 Fortified Wall
25:40 Masonry
26:50 Stone Mining
29:05 Hand Cart
28:36 Town Watch
32:19 Imperial Age
32:46 Two-Handed Swordsman
34:28 Blast Furnace
34:48 Champion
35:21 Arson
36:11 Plate Mail Armor
37:45 Conscription
38:52 Crop Rotation
54:22 Howdah
54:27 Manipur Cavalry
54:33 Scale Barding Armor
54:57 Husbandry
55:07 Bloodlines
54:18 Elite Battle Elephant
58:15 Chain Barding Armor
62:43 Guilds
70:27 Light Cavalry
ELWARD
0:49 Loom
8:58 Feudal Age
13:08 Castle Age
11:19 Horse Collar
11:47 Double-Bit Axe
19:14 Heavy Plow
20:01 Bow Saw
22:43 Wheelbarrow
26:03 Imperial Age
23:30 Fletching
24:12 Bodkin Arrow
24:58 Padded Archer Armor
27:01 Leather Archer Armor
26:47 Bracer
27:13 Conscription
28:03 Ballistics
28:40 Ring Archer Armor
29:00 Hand Cart
30:37 Chemistry
31:12 Fortified Wall
36:40 Elite Chu Ko Nu
38:58 Gold Mining
38:58 Stone Mining
40:48 Town Watch
42:06 Gold Shaft Mining
42:06 Stone Shaft Mining
43:30 Two-Man Saw
43:12 Town Patrol
42:38 Light Cavalry
43:29 Bloodlines
43:19 Husbandry
42:41 Pikeman
43:22 Squires
43:07 Arson
43:35 Forging
43:30 Scale Barding Armor
43:25 Scale Mail Armor
43:14 Halberdier
46:00 Iron Casting
45:40 Chain Mail Armor
45:45 Chain Barding Armor
47:26 Blast Furnace
47:02 Capped Ram
48:49 Plate Mail Armor
48:54 Plate Barding Armor
47:54 Siege Ram
52:30 Crossbowman
53:16 Thumb Ring
52:35 Elite Skirmisher
53:22 Thumb Ring
54:52 Murder Holes
Connection lost

Rejoining the realm…

Still unreachable

The connection could not be restored.

Session expired

The server has moved on; the page needs a fresh start.